 Dungeon Crawl Stone Soup version 0.29-a0-322-g68df515428 (webtiles) character file.

Game seed: 12083314008569219847

413 wakim the Ruffian (level 6, -4/61 HPs)
             Began as a Troll Fighter on Apr 7, 2022.
             Slain by a gnoll
             ... wielding a +0 flail of holy wrath
              (9 damage)
             ... on level 4 of the Dungeon.
             The game lasted 00:06:05 (2793 turns).

wakim the Ruffian (Troll Fighter)                   Turns: 2793, Time: 00:06:06

Health: -4/61      AC:  4    Str: 25    XL:     6   Next: 59%
Magic:  5/5        EV:  8    Int:  6    God:
Gold:   221        SH:  8    Dex:  9    Spells: 5/5 levels left

rFire   . . .      SeeInvis .     - Unarmed
rCold   . . .      Faith    .   b - +0 kite shield
rNeg    . . .      Spirit   .   a - +0 robe
rPois   .          Reflect  .   (helmet restricted)
rElec   .          Harm     .   O - scarf {shadows}
rCorr   .          Rampage  .   (gloves unavailable)
Will    .....                   (boots unavailable)
Stlth   +.........              Z - amulet of regeneration
HPRegen 1.80/turn               (no ring)
MPRegen 0.09/turn               (no ring)

@: mighty
A: large, unfitting armour, claws 3, regeneration 1, shaggy fur 1, tough skin 1
a: no special abilities


You were on level 4 of the Dungeon.
You visited 1 branch of the dungeon, and saw 4 of its levels.

You collected 221 gold pieces.

Inventory:

Missiles
 Y - 5 poisoned darts (quivered)
Armour
 a - a +0 robe (worn)
 b - a +0 kite shield (worn)
 O - a scarf of shadows (worn)
Jewellery
 Z - an amulet of regeneration (around neck)
Scrolls
 T - a scroll of teleportation
Potions
 G - 2 potions of flight
 K - 2 potions of magic
 M - 2 potions of mutation {!q}
 N - a potion of might
 P - a potion of curing {unknown}
 U - a potion of lignification {unknown}
 V - a potion of heal wounds {unknown}
 X - a potion of brilliance {unknown}


   Skills:
 + Level 3.5 Fighting
 - Level 2.4 Dodging
 * Level 4.3 Shields
 * Level 4.6 Unarmed Combat


You had 5 spell levels left.
You didn't know any spells.
Your spell library was empty.

Dungeon Overview and Level Annotations

Branches:
Dungeon (4/15)
 Temple: D:4-7

Altars:

Annotations:
D:2 dig


Innate Abilities, Weirdness & Mutations

You are too large for most types of armour.
You have claws for hands.
Your natural rate of healing is unusually fast.
You are covered in fur. (AC +1)
You have tough skin. (AC +1)


Message History

The gnoll shaman hits you with a +0 club. 53/61 (-3)
You scratch the gnoll shaman but do no damage.
The gnoll shaman is heavily wounded.
You block the gnoll's attack.
The gnoll shaman invokes the aid of its god against you.
You resist with some effort. 55/61 (+2)
You scratch the gnoll shaman.
The gnoll shaman is heavily wounded.
The gnoll hits you with a +0 halberd.
The gnoll shaman calls upon its god to speed up the gnoll.
The gnoll seems to speed up. 52/61 (-3)
You claw the gnoll shaman!
You kill the gnoll shaman!
The gnoll hits you with a +0 halberd. x2 45/61 (-7)
You closely miss the gnoll.
The gnoll hits you with a +0 flail of holy wrath!
The gnoll hits you with a +0 halberd.
The gnoll hits you with a +0 flail of holy wrath!
* * * LOW HITPOINT WARNING * * *
24/61 (-21)
The gnoll hits you from afar with a +0 halberd!
* * * LOW HITPOINT WARNING * * *
You block the gnoll's attack. 18/61 (-6) Unknown command.
You block the gnoll's attack. 20/61 (+2) 22/61 (+2)
The gnoll hits you with a +0 flail of holy wrath!
* * * LOW HITPOINT WARNING * * *
16/61 (-6)
You feel very mighty all of a sudden.
The gnoll hits you from afar with a +0 halberd!
* * * LOW HITPOINT WARNING * * *
The gnoll hits you with a +0 flail of holy wrath!
You die...

### ###
#.#####.#
#..@gg..#
#.#####)#
#.#...).#
#.#.#####
#.# #.#
#.# #.#
#.#


You could see 2 gnolls.

Vanquished Creatures
  A centaur (D:4)
  A scorpion (D:3)
  A gnoll shaman (D:4)
  Terence (D:2)
  6 gnolls
  5 adders
  6 worms
  5 dart slugs
  9 orcs (D:3)
  5 endoplasms
  4 giant cockroaches
  6 goblins
  4 hobgoblins
  11 kobolds
  4 quokkas
  7 ball pythons
  9 bats
  A frilled lizard (D:3)
  6 rats
92 creatures vanquished.

Notes
Turn   | Place    | Note
-------+----------+-------------------------------------------
     0 | D:1      | wakim the Troll Fighter began the quest for the Orb.
     0 | D:1      | Reached XP level 1. HP: 22/22 MP: 0/0
   125 | D:1      | Reached XP level 2. HP: 29/29 MP: 1/1
   216 | D:1      | Found a faded altar of an unknown god.
   669 | D:1      | !bestwep
   729 | D:1      | Reached XP level 3. HP: 34/35 MP: 2/2
   904 | D:2      | Noticed Terence
   910 | D:2      | Killed Terence
   915 | D:2      | Reached XP level 4. HP: 44/44 MP: 3/3
  1594 | D:3      | Noticed a scorpion
  1604 | D:3      | Killed a scorpion
  1605 | D:3      | Reached XP level 5. HP: 48/53 MP: 4/4
  2551 | D:3      | Reached XP level 6. HP: 45/61 MP: 5/5
  2793 | D:4      | Slain by a gnoll

Illustrated notes

#.##### .......<......... #.#
................. #.#####
#.####.####.####.# ####.#...#
##.####[####.## #....#...#
#...##...##...# ..⌠).....#
#.⌠.##.⌠.##.⌠.#
.#.#....##..###... #...##...#
.....#..#
#....#.####.####.####.
###.##..# #...@................
#.....###############.#########
####.....#>#..# #####.#.##.....
#..........###........#....#
#.##....#.##.....###........
#.#.###.#.##.....####.#.#.##
#..###....#.............#.#
#..# #.#..#......####.###.##
#..###...##......####.......


Turn 669 on D:1: !bestwep

Levels and vault maps discovered:
D:1:      dpeg_arrival_chambers_temple_mockup, layout_loops_ring,
          ebering_ecumenical_altar_box, chequers_serial_rivers_small_b,
          hangedman_feature_mirror, minmay_tromino_mix6
D:2:      layout_loops_ring, due_unseen_surprise, uniq_terence
D:3:      minmay_razor_zed, layout_loops_cross
D:4:      layout_basic, uniq_sigmund

Skill      XL: |  1  2  3  4  5 |
---------------+----------------+-----
Shields        | 3 4 |  4.3
Unarmed Combat | 3 4 |  4.6
Fighting       | 3 |  3.5
Dodging        | |  2.4

Action                   |  1- 3 |  4- 6 || total
-------------------------+-------+-------++-------
Melee: Unarmed           |    73 |   188 ||   261
  Use: Scroll            |       |    10 ||    10
       Potion            |       |     1 ||     1
 Stab: Sleeping          |     1 |       ||     1
Armor: Robe              |    29 |    44 ||    73
Dodge: Dodged            |    22 |    51 ||    73
Block: Kite shield       |    20 |    61 ||    81

Table legend: (Time is in decaauts)
 A = Elapsed time spent in this place.
 B = Non-inter-level travel time spent in this place.
 C = Inter-level travel time spent in this place.
 D = Time resting spent in this place.
 E = Time spent auto-exploring this place.
 F = Levels seen in this place.
 G = Mean time per level.
                   A        B        C        D        E       F      G
               +--------+--------+--------+--------+--------+-----+--------+
         Total |   2815 |   2613 |    202 |      0 |   2058 |   4 |  703.8 |
       Dungeon |   2815 |   2613 |    202 |      0 |   2058 |   4 |  703.8 |
               +--------+--------+--------+--------+--------+-----+--------+

Top non-repeatable levels by time:
     D:3: 878 daAuts
     D:1: 850 daAuts
     D:2: 658 daAuts
     D:4: 427 daAuts
